 Dungeon Crawl Stone Soup version 0.30-a0-557-ge2afbf3030 (webtiles) character file.

Game seed: 15655994923914099491

324 PimpSugar the Magician (level 6, 0/43 HPs)
             Began as a Demonspawn Hedge Wizard on Dec 27, 2022.
             Slain by a mummy (16 damage)
             ... in an ossuary.
             The game lasted 00:09:00 (3150 turns).

PimpSugar the Magician (Demonspawn Hedge Wizard)    Turns: 3150, Time: 00:09:01

Health: 0/43       AC:  2    Str: 13    XL:     6   Next: 23%
Magic:  12/12      EV: 12    Int: 23    God:
Gold:   225        SH:  4    Dex: 13    Spells: 10/13 levels left

rFire   . . .      SeeInvis .    i - +2 falchion (elec)
rCold   . . .      Faith    .    (no shield)
rNeg    + . .      Spirit   .    v - +0 robe of Raeraxki {Rampage rN+ Str+3 Int-2}
rPois   .          Reflect  .    c - +0 hat
rElec   .          Harm     .    (no cloak)
rCorr   .          Rampage  +    (no gloves)
Will    +....                    (no boots)
Stlth   ++                       (no amulet)
HPRegen 0.27/turn                n - +6 ring of intelligence
MPRegen 0.13/turn                h - ring of willpower

@: no status effects
A: big brain 1, condensation shield, demonic magic 1, weakness stinger 1
a: no special abilities


You were in an ossuary.
You visited 1 branch of the dungeon, and saw 4 of its levels.
You also visited: Ossuary.

You collected 225 gold pieces.

Inventory:

Hand Weapons
 a - a +0 dagger
 i - a +2 falchion of electrocution (weapon)
 t - a +0 sling
Missiles
 e - 26 stones
Armour
 b - a +0 robe
 c - a +0 hat (worn)
 v - the +0 robe of Raeraxki (worn) {Rampage rN+ Str+3 Int-2}
   (You took it off a hobgoblin on level 4 of the Dungeon)

   Str:       It affects your strength (+3).
   Int:       It affects your intelligence (-2).
   rN:        It protects you from negative energy.
   Rampage:   It bestows one free step when moving towards enemies.
Jewellery
 h - a ring of willpower (right hand)
 n - a +6 ring of intelligence (left hand)
Scrolls
 f - a scroll of acquirement {unknown}
 j - a scroll of immolation {unknown}
 k - 3 scrolls of silence
 l - a scroll of teleportation {unknown}
 r - a scroll of enchant weapon {unknown}
 s - a scroll of brand weapon {unknown}
Potions
 d - 2 potions of magic
 g - 3 potions of berserk rage
 o - 4 potions of curing
 p - 3 potions of attraction
 q - 2 potions of lignification
 u - a potion of haste {unknown}


   Skills:
 + Level 1.6 Fighting
 + Level 2.6 Dodging
 + Level 2.6 Stealth
 * Level 4.0 Spellcasting
 * Level 3.0 Conjurations
 + Level 2.1 Summonings
 + Level 2.0 Translocations


You had 10 spell levels left.
You knew the following spells:

 Your Spells              Type           Power      Damage    Failure   Level
a - Magic Dart            Conj           72%        1d6       3%          1
b - Call Imp              Summ           14%        N/A       7%          2

Your spell library contained the following spells:

 Spells                   Type           Power      Damage    Failure   Level
 Momentum Strike          Conj/Tloc      32%        3d8       5%          2
 Blink                    Tloc           28%        N/A       7%          2
 Slow                     Hex            16%        N/A       11%         1
 Lesser Beckoning         Tloc           28%        N/A       13%         3
 Cigotuvi's Dreadful Rot  Necr/Pois/Air  8%         N/A       16%         2
 Mephitic Cloud           Conj/Pois/Air  9%         N/A       21%         3
 Summon Lightning Spire   Summ/Air       9%         N/A       56%         4
 Storm Form               Tmut/Air       2%         N/A       100%        7
 Maxwell's Capacitive Co  Air            2%         ∞         100%        8


Dungeon Overview and Level Annotations

Branches:
Dungeon (4/15)            Ossuary (1/1)
 Temple: D:4-7

Altars:
Fedhas
Makhleb
Ru
Uskayaw


Innate Abilities, Weirdness & Mutations

You have an unusually large brain. (Int +2)
A meltable shield of frost defends you. (SH +4)
Spells you cast may paralyse adjacent enemies.
You have a small tail.


Message History

You destroy the kobold zombie!
You barely miss the orc zombie. The mummy barely misses you.
The orc zombie barely misses you.
You barely miss the orc zombie. The orc zombie closely misses you.
You hit the mummy.
The mummy is lightly damaged.
The mummy closely misses you. The mummy hits you! The orc zombie hits you.
You slash the mummy! Lightning courses through the mummy!!
You destroy the mummy!
The gnoll zombie hits you but does no damage.
You block the orc zombie's attack. The mummy barely misses you.
The gnoll zombie closely misses you. The orc zombie misses you.
You barely miss the orc zombie. You tail-slap the orc zombie.
The orc zombie is severely damaged.
The kobold zombie barely misses you.
You barely miss the kobold zombie.
The gnoll zombie hits you but does no damage.
The kobold zombie hits you but does no damage.
You hit the kobold zombie.
The kobold zombie is moderately damaged.
The kobold zombie hits you but does no damage.
The gnoll zombie hits you. The mummy barely misses you.
The gnoll zombie hits you but does no damage.
You hit the kobold zombie.
The kobold zombie is severely damaged.
The kobold zombie hits you but does no damage.
The gnoll zombie closely misses you.
The gnoll zombie hits you but does no damage.
You block the kobold zombie's attack. The gnoll zombie hits you.
You hit the kobold zombie.
The kobold zombie is almost destroyed.
The mummy closely misses you. The mummy misses you.
The gnoll zombie barely misses you.
The kobold zombie hits you but does no damage.
You hit the kobold zombie.
You destroy the kobold zombie!
Your hearing returns.
The mummy hits you! x2
You die...

..##....##....
..............
..............
............
#........#
#......#
#..ZZ# #.ZM@#
#..MM# #...Z#
#....# #....#
#....# #....#
#.∩∩.# ######


You could see 3 mummies, 2 gnoll zombies and 2 orc zombies.

Vanquished Creatures
  A hound (D:4)
  A jelly (D:4)
  Jessica (D:3)
  An iguana (D:4)
  Terence (D:3)
  A mummy (Ossuary)
  2 adders
  3 worms
  4 dart slugs
  4 orcs
  2 endoplasms
  3 giant cockroaches
  A gnoll zombie (Ossuary)
  9 goblins
  6 hobgoblins
  3 jackals (D:1)
  2 quokkas
  7 ball pythons
  6 bats
  4 frilled lizards
  3 kobolds
  3 kobold zombies (Ossuary)
  4 rats
72 creatures vanquished.

Vanquished Creatures (collateral kills)
  A howler monkey (D:2)
  2 adders
  A worm (D:4)
  A dart slug (D:1)
  2 orcs (D:3)
  A goblin (D:4)
  A hobgoblin (D:1)
  A kobold (D:4)
10 creatures vanquished.

Grand Total: 82 creatures vanquished

Notes
Turn   | Place    | Note
-------+----------+-------------------------------------------
     0 | D:1      | PimpSugar the Demonspawn Hedge Wizard began the quest for
                  | the Orb.
     0 | D:1      | Reached XP level 1. HP: 13/13 MP: 4/4
   177 | D:1      | Reached skill level 1 in Translocations
   194 | D:1      | Gained mutation: You have an unusually large brain. (Int
                  | +2) [demonic ancestry]
   194 | D:1      | Reached XP level 2. HP: 17/19 MP: 6/6
   299 | D:1      | HP: 1/20 [jackal (1)]
   486 | D:1      | Learned a level 2 spell: Call Imp
   603 | D:1      | Gained mutation: You have a small tail. [demonic ancestry]
   603 | D:1      | Reached XP level 3. HP: 23/25 MP: 5/7
  1124 | D:2      | Reached skill level 1 in Fighting
  1124 | D:2      | Reached XP level 4. HP: 31/32 MP: 5/9
  1963 | D:3      | Found a burning altar of Makhleb.
  2003 | D:3      | Noticed Jessica
  2006 | D:3      | Killed Jessica
  2007 | D:3      | Gained mutation: Spells you cast may paralyse adjacent
                  | enemies. [demonic ancestry]
  2007 | D:3      | Reached XP level 5. HP: 37/37 MP: 8/10
  2065 | D:3      | Noticed Terence
  2075 | D:3      | Killed Terence
  2376 | D:3      | Found a blossoming altar of Fedhas.
  2376 | D:3      | Found a sacrificial altar of Ru.
  2538 | D:3      | Found a hide-covered altar of Uskayaw.
  3043 | D:4      | Gained mutation: A meltable shield of frost defends you.
                  | (SH +4) [demonic ancestry]
  3043 | D:4      | Reached XP level 6. HP: 30/43 MP: 8/11
  3056 | D:4      | Identified the +0 robe of Raeraxki {Rampage rN+ Str+3
                  | Int-2}
  3066 | D:4      | Reached skill level 4 in Spellcasting
  3093 | D:4      | Found a sand-covered staircase.
  3101 | Ossuary  | Entered an ossuary
  3150 | Ossuary  | Slain by a mummy

Illustrated notes

Levels and vault maps discovered:
D:1:      lightli_arrival_maybe_door_vault, layout_basic, st_stairs_14,
          minmay_misc_feat_chi, minmay_misc_feat_hallway
D:2:      layout_basic
D:3:      layout_basic, mainiacjoe_overflow_surrounded_room,
          mainiacjoe_overflow_catwalk_spiral, nicolae_overflow_two_pavilions,
          uniq_terence, uniq_jessica
D:4:      layout_basic, enter_ossuary_4
Ossuary:  ossuary_tomb_3

Skill      XL: |  1  2  3  4  5  6 |
---------------+-------------------+-----
Translocations | 1 2 |  2.0
Stealth        | 2 |  2.6
Dodging        | 2 |  2.6
Fighting       | 1 |  1.6
Conjurations   | 2 3 |  3.0
Summonings     | 2 |  2.1
Spellcasting   | 4 |  4.0

Action                   |  1- 3 |  4- 6 || total
-------------------------+-------+-------++-------
Melee: Falchion          |    50 |    78 ||   128
       Dagger            |     1 |       ||     1
       Punch             |     1 |       ||     1
       Tailslap          |     2 |    12 ||    14
 Cast: Magic Dart        |    30 |    32 ||    62
       Call Imp          |     2 |     5 ||     7
  Use: Scroll            |     2 |     4 ||     6
       Potion            |       |     1 ||     1
 Stab: Sleeping          |       |     3 ||     3
Armor: Robe              |    18 |    21 ||    39
Dodge: Dodged            |    56 |    41 ||    97
Block: Other             |       |     4 ||     4

Table legend: (Time is in decaauts)
 A = Elapsed time spent in this place.
 B = Non-inter-level travel time spent in this place.
 C = Inter-level travel time spent in this place.
 D = Time resting spent in this place.
 E = Time spent auto-exploring this place.
 F = Levels seen in this place.
 G = Mean time per level.
                   A        B        C        D        E       F      G
               +--------+--------+--------+--------+--------+-----+--------+
         Total |   3185 |   2834 |    351 |    202 |   1823 |   5 |  637.0 |
       Dungeon |   3132 |   2781 |    351 |    193 |   1823 |   4 |  783.0 |
       Ossuary |     53 |     53 |      0 |      9 |      0 |   1 |   53.0 |
               +--------+--------+--------+--------+--------+-----+--------+

Top non-repeatable levels by time:
     D:2: 1029 daAuts
     D:1: 925 daAuts
     D:3: 864 daAuts
     D:4: 312 daAuts
 Ossuary: 53 daAuts
